 Dungeon Crawl Stone Soup version 0.17-a0-530-gbe3d13a (webtiles) character file.

59199 inmateoo the Brawler (level 14, -5/90 HPs)
             Began as a Gargoyle Monk on Apr 12, 2015.
             Was a Priest of Cheibriados.
             Killed from afar by a starcursed mass (8 damage)
             ... with an accursed screaming
             ... on level 1 of the Abyss.
             The game lasted 00:35:48 (20133 turns).

inmateoo the Brawler (Gargoyle Monk)               Turns: 20133, Time: 00:35:48

Health: -5/90      AC: 25    Str: 21      XL:     14   Next: 94%
Magic:  23/23      EV: 15    Int: 22 (24) God:    Cheibriados [***...]
Gold:   792        SH: 13    Dex: 19      Spells: 0 memorised, 25 levels left

rFire  + . .     SeeInvis .       - Unarmed
rCold  . . .     Rnd*Rage +     B - +1 swamp dragon armour
rNeg   + + .     SustAb   .     K - +1 shield {reflect}
rPois  ∞         Gourm    .     (no helmet)
rElec  +         Spirit   .     q - +0 cloak
rCorr  .         Warding  +     i - +2 pair of gloves
rMut   .         Stasis   .     (no boots)
MR     +....                    o - amulet of warding
Stlth  ++........               m - ring of protection from fire
                                j - ring of wizardry (curse)

@: about to teleport, flying, very slow, somewhat resistant to hostile
enchantments, unstealthy
A: big wings, berserk 1, negative energy resistance 1, electricity resistance,
unbreathing, petrification resistance, no device heal 1, rot immunity, AC +9
a: Stop Flying, Bend Time, Temporal Distortion, Renounce Religion


You were on level 1 of the Abyss.
You worshipped Cheibriados.
Cheibriados was most pleased with you.
You were not hungry.

You visited 1 branch of the dungeon, and saw 15 of its levels.
You visited the Abyss 1 time.
You also visited: Ice Cave.

You collected 1004 gold pieces.
You spent 212 gold pieces at shops.

Inventory:

Missiles
 n - 4 throwing nets (quivered)
Armour
 i - a +2 pair of gloves (worn)
 q - a +0 cloak (worn)
 B - a +1 swamp dragon armour (worn)
 K - a +1 shield of reflection (worn)
Magical staves
 L - an uncursed staff of earth
Jewellery
 j - a cursed ring of wizardry (left hand)
 m - a ring of protection from fire (right hand)
 o - an amulet of warding (around neck)
 w - an uncursed ring of protection from cold
Magical devices
 p - a wand of fireball (4)
 t - a wand of cold (8)
 x - a wand of confusion (20)
 F - a wand of invisibility (3)
Scrolls
 d - 3 scrolls of amnesia
 f - 5 scrolls of remove curse
 h - 4 scrolls of magic mapping
 s - a scroll of blinking
 y - 3 scrolls of recharging
 A - 2 scrolls of teleportation
 E - 2 scrolls of enchant weapon
 I - a scroll of noise
Potions
 a - 2 potions of restore abilities
 c - 6 potions of brilliance
 e - 2 potions of agility
 H - a potion of resistance
Miscellaneous
 M - a phial of floods (inert)
Comestibles
 b - 16 bread rations
 g - 10 fruits
 D - 8 slices of pizza


   Skills:
 - Level 11.0 Fighting
 - Level 9.0 Armour
 + Level 6.3 Dodging
 - Level 2.1 Stealth
 + Level 9.7 Shields
 * Level 15.6 Unarmed Combat
 + Level 6.4 Spellcasting
 + Level 10.7 Invocations


You had 25 spell levels left.
You didn't know any spells.

Dungeon Overview and Level Annotations

Branches:
Dungeon (15/15)            Temple (0/1) D:6            Lair (0/8) D:10
    Orc (0/4) D:9          Vaults (0/5) D:14         Depths (0/5) D:15

Altars:
Cheibriados
Elyvilon
Gozag
Nemelex Xobeh
Okawaru
Sif Muna
Trog

Shops:
D:4 %   D:7 [

Annotations:
D:2 Sigmund
D:5 Prince Ribbit


Innate Abilities, Weirdness & Mutations

You are resistant to torment.
Your stone body is resilient (AC +9).
You are immune to poison.
Your large and strong wings let you fly indefinitely.
You resist negative energy.
You are resistant to electric shocks.
You can survive without breathing.
You are immune to petrification.
You are immune to rotting.
You tend to lose your temper in combat.
Potions and wands are less effective at restoring your health.


Message History

A chorus of shrieks assaults your mind.
* * * LOW HITPOINT WARNING * * *
Read which item? (? for menu, Esc to quit)
As you read the scroll of teleportation, it crumbles to dust.
You feel strangely unstable.
You feel the power of the Abyss delaying your translocation.
A starcursed mass splits.
A chorus of shrieks assaults your mind.
* * * LOW HITPOINT WARNING * * *
Unknown command.
Unknown command.
Unknown command.
You block the starcursed mass's attack.
Unknown command.
Unknown command.
You block the starcursed mass's attack.
Unknown command.
You block the starcursed mass's attack. A chorus of shrieks assaults your mind.
You die...

. ## ###########
##.####..#.#.#.=##
........††#......#
#.#.#.......X...#.#
#....####X...§#
###.X#....#@...# .
#..#.#....X.#.#.#
#... ...#.#.#.....#
# ...#.
..#.##.....#.# .. #
.#.####...#...# # #
..X## §#§..####
.... ##.#. ..#
..... .. . ...


You could see 3 starcursed masses.

Vanquished Creatures
  A tentacled starspawn (Abyss:1)
  Kirke (D:12)
  Maud (D:12)
  A draconian scorcher (Abyss:1)
  Snorg (D:12)
  5 vault guards (D:14)
  Harold (D:12)
  A hydra (D:13)
  A centaur warrior (D:14)
  Erolcha (D:11)
  3 hell hogs (Abyss:1)
  4 ice devils (IceCv)
  A wretched star (Abyss:1)
  A skeletal warrior (D:15)
  A golden dragon zombie (D:15)
  A flayed ghost (D:15)
  6 hill giants
  A wizard (D:14)
  3 unseen horrors
  3 ice statues (IceCv)
  Pikel (D:7)
  A necromancer (IceCv)
  5 ugly things
  A tengu zombie (D:15)
  An orc sorcerer (D:14)
  A deep elf conjurer (D:15)
  A tengu skeleton (D:15)
  7 cyclopes
  A sixfirhy (Abyss:1)
  2 griffons
  A manticore (D:14)
  2 centaur zombies
  A worldbinder (Abyss:1)
  A smoke demon (Abyss:1)
  A centaur skeleton (D:14)
  A yaktaur (D:14)
  A kobold demonologist (D:13)
  A komodo dragon (D:14)
  A deep elf priest (D:15)
  6 trolls
  A guardian mummy (D:15)
  8 blue devils (IceCv)
  A harpy zombie (Abyss:1)
  2 polar bears (D:10)
  2 two-headed ogres
  A tarantella (shapeshifter) (D:15)
  2 wraiths (D:11)
  16 yaks
  3 trapdoor spiders
  5 deep elf magi
  A shadow (D:12)
  Grum (D:11)
  4 vampire mosquitoes (D:15)
  A basilisk (shapeshifter) (Abyss:1)
  A steam dragon (D:12)
  7 hippogriffs
  2 humans
  A hog (shapeshifter) (D:14)
  A wyvern (D:12)
  4 wolves (D:11)
  A neqoxec (Abyss:1)
  7 hogs (D:12)
  2 mottled dragons
  A hungry ghost (D:12)
  2 deep elf fighters
  Edmund (D:5)
  5 ice beasts
  Duvessa (D:4)
  A slave (D:7)
  6 sky beasts
  7 orc warriors
  A porcupine (D:10)
  2 large abominations (Abyss:1)
  A wasp (D:10)
  2 eyes of draining
  11 centaurs
  2 phantoms
  9 ogres
  2 crocodiles
  14 giant frogs
  A gnoll sergeant (D:10)
  Dowan (D:4)
  9 killer bees (D:9)
  5 scorpions
  16 wights
  2 quasits
  2 draconian simulacra (IceCv)
  3 jellies
  2 goliath beetles (D:8)
  6 crimson imps
  3 giant frog zombies
  2 giant frog skeletons
  7 hounds
  An elf zombie (D:14)
  21 orc wizards
  7 orc priests
  Terence (D:2)
  9 worker ants
  3 iguanas
  A killer bee zombie (D:7)
  12 sheep
  2 troll simulacra (IceCv)
  3 centaur simulacra
  A hound skeleton (D:7)
  A mummy (D:10)
  2 naga simulacra (IceCv)
  A worker ant zombie (D:10)
  2 ogre simulacra (IceCv)
  6 river rats
  12 adders
  21 gnolls
  13 white imps
  A worm (D:2)
  An adder skeleton (D:4)
  9 giant geckos
  An ooze (D:5)
  54 orcs
  21 bats
  2 bat skeletons
  5 giant cockroaches
  27 hobgoblins
  10 jackals
  20 kobolds
  6 quokkas
  4 ball pythons
  A giant gecko zombie (D:8)
  3 giant newts
  A giant spore (D:9)
  18 goblins
  A quokka zombie (D:9)
  15 rats
  10 ballistomycetes
605 creatures vanquished.

Vanquished Creatures (others)
  A necromancer (D:15)
  A water elemental (Abyss:1)
  A fire dragon skeleton (D:15)
  3 golden eyes (Abyss:1)
  A small abomination (Abyss:1)
  3 large abominations (Abyss:1)
  3 giant spores
  A plant (D:15)
  2 starspawn tentacles (Abyss:1)
  37 starspawn tentacle segments (Abyss:1)
53 creatures vanquished.

Grand Total: 658 creatures vanquished

Notes
Turn   | Place    | Note
--------------------------------------------------------------
     0 | D:1      | inmateoo, the Gargoyle Monk, began the quest for the Orb.
     0 | D:1      | Reached XP level 1. HP: 14/14 MP: 1/1
   310 | D:1      | Reached XP level 2. HP: 5/19 MP: 2/2
   855 | D:1      | Reached XP level 3. HP: 23/23 MP: 3/3
  1221 | D:2      | Reached skill level 5 in Unarmed Combat
  1548 | D:2      | Reached XP level 4. HP: 28/28 MP: 4/4
  1916 | D:2      | Reached skill level 6 in Unarmed Combat
  1953 | D:2      | Noticed Sigmund
  2052 | D:3      | Reached XP level 5. HP: 26/32 MP: 5/5
  2468 | D:4      | Found Guduhuicac's Food Emporium.
  2483 | D:4      | Found a snail-covered altar of Cheibriados.
  2495 | D:4      | Reached skill level 1 in Armour
  2498 | D:4      | Became a worshipper of Cheibriados the Contemplative
  2498 | D:4      | Acquired Cheibriados's first power
  2672 | D:2      | Noticed Terence
  2677 | D:2      | Killed Terence
  2677 | D:2      | Reached XP level 6. HP: 34/38 MP: 6/6
  2954 | D:4      | Reached skill level 7 in Unarmed Combat
  3088 | D:4      | Found an iron altar of Okawaru.
  3094 | D:4      | Acquired Cheibriados's second power
  3118 | D:4      | Reached XP level 7. HP: 37/44 MP: 7/7
  3449 | D:5      | Entered Level 5 of the Dungeon
  3449 | D:5      | Noticed Dowan
  3451 | D:5      | Noticed Duvessa
  3689 | D:4      | Killed Duvessa
  3689 | D:4      | Acquired Cheibriados's third power
  3692 | D:4      | Killed Dowan
  3703 | D:4      | Reached skill level 5 in Fighting
  3703 | D:4      | Reached skill level 8 in Unarmed Combat
  4049 | D:5      | Reached XP level 8. HP: 44/49 MP: 8/8
  4276 | D:5      | Noticed Edmund
  4297 | D:5      | Killed Edmund
  4828 | D:5      | Noticed Prince Ribbit
  5111 | D:6      | Acquired Cheibriados's fourth power
  5330 | D:6      | Reached skill level 1 in Invocations
  5437 | D:6      | Found a staircase to the Ecumenical Temple.
  5474 | D:6      | Reached skill level 9 in Unarmed Combat
  5959 | D:6      | Found a deep blue altar of Sif Muna.
  6007 | D:6      | Reached XP level 9. HP: 50/56 MP: 10/10
  6011 | D:6      | Reached skill level 5 in Armour
  6697 | D:7      | Found a snail-covered altar of Cheibriados.
  6768 | D:7      | Found a white marble altar of Elyvilon.
  6772 | D:7      | Found an opulent altar of Gozag.
  6772 | D:7      | Noticed Pikel
  6787 | D:7      | Killed Pikel
  6787 | D:7      | Reached skill level 10 in Unarmed Combat
  6789 | D:7      | Found a sparkling altar of Nemelex Xobeh.
  7217 | D:7      | Found Ovviani's Antique Armour Shop.
  7224 | D:7      | Bought a scale mail for 100 gold pieces
  7224 | D:7      | Bought a shield for 112 gold pieces
  7405 | D:7      | Reached XP level 10. HP: 63/63 MP: 13/13
  8027 | D:8      | Reached skill level 1 in Shields
  8400 | D:9      | Reached skill level 11 in Unarmed Combat
  8400 | D:9      | Reached skill level 5 in Invocations
  8456 | D:9      | Gained mutation: Potions and wands are less effective at restoring your health. [mutagenic meat]
  8660 | D:9      | Found a staircase to the Orcish Mines.
  9038 | D:9      | Noticed a cyclops
  9052 | D:9      | Killed a cyclops
  9335 | D:9      | Reached XP level 11. HP: 69/69 MP: 15/15
  9339 | D:9      | Gained mutation: You tend to lose your temper in combat. [mutagenic meat]
  9436 | D:10     | Entered Level 10 of the Dungeon
  9635 | D:10     | Found a staircase to the Lair.
  9975 | D:10     | Found a bloodstained altar of Trog.
 10016 | D:10     | Killed an unseen horror
 10016 | D:10     | Reached skill level 12 in Unarmed Combat
 10533 | D:11     | Noticed Erolcha
 10541 | D:11     | Killed Erolcha
 10541 | D:11     | Reached skill level 5 in Shields
 10626 | D:11     | Noticed Grum
 10637 | D:11     | Killed Grum
 10870 | D:11     | Found a bloodstained altar of Trog.
 11009 | D:11     | Noticed a hill giant
 11023 | D:11     | Killed a hill giant
 11038 | D:11     | Gained mutation: You are robust (+10% HP). [mutagenic meat]
 11039 | D:11     | Gained mutation: You have supernaturally acute eyesight. [mutagenic meat]
 11040 | D:11     | Gained mutation: You are partially covered in rugged brown scales (AC +1, +3% HP). [mutagenic meat]
 11154 | D:11     | Reached XP level 12. HP: 44/85 MP: 17/17
 11292 | D:11     | Reached skill level 1 in Spellcasting
 11759 | D:12     | Reached skill level 13 in Unarmed Combat
 12139 | D:12     | Noticed Kirke
 12155 | D:12     | Killed Kirke
 12268 | D:12     | Reached skill level 10 in Fighting
 12275 | D:12     | Noticed Harold
 12278 | D:12     | Gained mutation: You are dopey. (Int -2) [mutagenic meat]
 12279 | D:12     | Gained mutation: You are agile. (Dex +2) [mutagenic meat]
 12280 | D:12     | Gained mutation: You expend magic power (3 MP) to strengthen your wands. [mutagenic meat]
 12327 | D:12     | Killed Harold
 12613 | D:12     | Noticed Snorg
 12626 | D:12     | Killed Snorg
 12637 | D:12     | Gained mutation: You often lose your temper in combat. [mutagenic meat]
 12898 | D:12     | Reached XP level 13. HP: 92/92 MP: 19/19
 13123 | D:12     | Noticed Maud
 13133 | D:12     | Killed Maud
 13512 | D:13     | Lost mutation: You are agile. (Dex +2) [mutagenic meat]
 13629 | D:13     | Found a frozen archway.
 13808 | IceCv    | Entered an ice cave
 14083 | IceCv    | HP: 3/93 [ice statue/shard of ice (16)]
 14089 | IceCv    | Reached skill level 14 in Unarmed Combat
 14094 | IceCv    | HP: 4/93 [ice devil (15)]
 15329 | IceCv    | Got a pitted dagger
 15330 | IceCv    | Identified the +9 dagger "Zeiz" {venom, rN++} (You found it in an ice cave)
 16093 | D:14     | Lost mutation: You are dopey. (Int -2) [mutagenic meat]
 16172 | D:14     | Noticed a vault guard
 16176 | D:14     | Noticed a vault guard
 16181 | D:14     | Noticed a vault guard
 16218 | D:14     | Killed a vault guard
 16433 | D:14     | Killed a vault guard
 16433 | D:14     | Reached skill level 5 in Dodging
 16529 | D:14     | Killed a vault guard
 16729 | D:14     | Found a gate to the Vaults.
 16729 | D:14     | Noticed a vault guard
 16730 | D:14     | Noticed a vault guard
 16744 | D:14     | Killed a vault guard
 16744 | D:14     | Gained mutation: Your large and strong wings let you fly indefinitely. [Gargoyle growth]
 16744 | D:14     | Reached XP level 14. HP: 101/101 MP: 21/21
 16753 | D:14     | Killed a vault guard
 16821 | D:14     | Reached skill level 5 in Spellcasting
 16831 | D:14     | Reached skill level 10 in Invocations
 17426 | D:15     | Entered Level 15 of the Dungeon
 17433 | D:15     | Reached skill level 15 in Unarmed Combat
 17958 | D:15     | Found a staircase to the Depths.
 18991 | D:15     | Gained mutation: You have an uncontrollable temper. [potion of mutation]
 18992 | D:15     | Gained mutation: You are surrounded by a mild repulsion field (EV +2). [potion of mutation]
 18993 | D:15     | Lost mutation: You have an uncontrollable temper. [potion of mutation]
 19092 | D:15     | Lost mutation: You expend magic power (3 MP) to strengthen your wands. [potion of cure mutation]
 19092 | D:15     | Lost mutation: Potions and wands are less effective at restoring your health. [potion of cure mutation]
 19092 | D:15     | Lost mutation: You are robust (+10% HP). [potion of cure mutation]
 19092 | D:15     | Lost mutation: You have supernaturally acute eyesight. [potion of cure mutation]
 19093 | D:15     | Lost mutation: You are partially covered in rugged brown scales (AC +1, +3% HP). [potion of cure mutation]
 19093 | D:15     | Lost mutation: You are surrounded by a mild repulsion field (EV +2). [potion of cure mutation]
 19093 | D:15     | Lost mutation: You often lose your temper in combat. [potion of cure mutation]
 19190 | D:15     | Cast into the Abyss (an ogre mage)
 19227 | Abyss:1  | Noticed a tentacled starspawn
 19248 | Abyss:1  | Killed a tentacled starspawn
 19574 | Abyss:1  | Noticed a yellow draconian scorcher
 19583 | Abyss:1  | Killed a yellow draconian scorcher
 19598 | Abyss:1  | Found a snail-covered altar of Cheibriados.
 20025 | Abyss:1  | HP: 4/90 [large abomination (16)]
 20120 | Abyss:1  | Gained mutation: Potions and wands are less effective at restoring your health. [a neqoxec]
 20127 | Abyss:1  | HP: 1/90 [starcursed mass/accursed screaming (8)]
 20133 | Abyss:1  | Killed from afar by a starcursed mass

Action                   |  1- 3 |  4- 6 |  7- 9 | 10-12 | 13-15 || total
-------------------------+-------+-------+-------+-------+-------++-------
Melee: Unarmed           |    90 |   288 |   394 |   776 |   793 ||  2341
Throw: Throwing net      |       |       |       |     3 |       ||     3
Invok: Slouch            |       |       |       |    10 |    14 ||    24
 Abil: Fly               |       |       |       |       |     1 ||     1
Evoke: Wand              |       |       |     6 |       |       ||     6
       Phial of floods   |       |       |       |       |     1 ||     1
  Use: Scroll            |       |     9 |    11 |     5 |    11 ||    36
       Potion            |       |       |       |     4 |    16 ||    20
 Stab: Sleeping          |       |     1 |       |       |     1 ||     2
       Distracted        |       |       |     1 |       |       ||     1
  Eat: Chunk             |     1 |     6 |     9 |    28 |     7 ||    51
       Meat ration       |       |       |       |     1 |     3 ||     4
       Beef jerky        |       |       |       |       |     5 ||     5
       Royal jelly       |       |       |       |       |     2 ||     2
